 Dungeon Crawl Stone Soup version 0.28.0-53-g5a82cb258f (webtiles) character file.

Game seed: 5797181120034241408

686 LynnLen the Covert (level 7, 0/36 HPs)
             Began as a Vampire Enchanter on Aug 17, 2022.
             Slain by Dowan
             ... wielding a +0 dagger
              (2 damage)
             ... on level 4 of the Dungeon.
             The game lasted 00:14:43 (5413 turns).

LynnLen the Covert (Vampire Enchanter)              Turns: 5413, Time: 00:14:44

Health: 0/36       AC:  4    Str: 13    XL:     7   Next: 35%
Magic:  7/10       EV: 12    Int: 17    God:
Gold:   172        SH:  0    Dex: 17    Spells: 2/10 levels left

rFire   . . .      SeeInvis +   a - +1 dagger
rCold   + + .      Faith    .   (no shield)
rNeg    + + +      Spirit   .   h - +0 leather armour
rPois   ∞          Reflect  .   c - +0 helmet
rElec   .          Harm     .   (no cloak)
rCorr   .          Rampage  .   (no gloves)
Will    .....                   (no boots)
Stlth   ++++++....              (no amulet)
HPRegen 0.00/turn               d - +6 ring of strength
MPRegen 0.12/turn               f - ring of wizardry

@: bloodless, inhibited regen
A: bloodless, fangs 3, see invisible, vampiric 2
a: Bat Form, Revivify


You were on level 4 of the Dungeon.
You visited 1 branch of the dungeon, and saw 5 of its levels.

You collected 172 gold pieces.

Inventory:

Hand Weapons
 a - a +1 dagger (weapon)
Missiles
 e - 84 sling bullets
 j - 12 poisoned darts
Armour
 c - a +0 helmet (worn)
 h - a +0 leather armour (worn)
Jewellery
 d - a +6 ring of strength (left hand)
 f - a ring of wizardry (right hand)
Wands
 o - a wand of mindburst (5)
Scrolls
 b - a scroll of amnesia
 g - a scroll of immolation
 i - a scroll of teleportation
 k - 2 scrolls of holy word
 l - a scroll of magic mapping
Potions
 m - a potion of curing
 n - a potion of might
 p - a potion of lignification {unknown}
 q - a potion of cancellation {unknown}


   Skills:
 + Level 6.2 Short Blades
 - Level 2.1 Dodging
 + Level 10.0 Stealth
 - Level 2.0 Spellcasting
 - Level 4.4 Hexes


You had 2 spell levels left.
You knew the following spells:

 Your Spells              Type           Power      Damage    Failure   Level
a - Ensorcelled Hibernat  Hex/Ice        18%        N/A       6%          2
b - Confusing Touch       Hex            16%        N/A       4%          3
c - Tukima's Dance        Hex            16%        N/A       4%          3

Your spell library contained the following spells:

 Spells                   Type           Power      Damage    Failure   Level
 Dazzling Flash           Conj/Hex       18%        N/A       12%         3
 Gell's Gravitas          Tloc           1%         N/A       28%         3
 Lesser Beckoning         Tloc           1%         N/A       28%         3
 Teleport Other           Tloc           1%         N/A       28%         3
 Freezing Cloud           Conj/Ice/Air   0%         6-21      92%         5
 Simulacrum               Ice/Necr       0%         N/A       100%        6
 Polar Vortex             Ice            0%         N/A       100%        9


Dungeon Overview and Level Annotations

Branches:
Dungeon (5/15)
 Temple: D:4-7

Altars:
Fedhas
Hepliaklqana
The Shining One

Shops:
D:1 =

Annotations:
D:4 Dowan, Duvessa, Robin


Innate Abilities, Weirdness & Mutations

You do not regenerate when monsters are visible.
You are frail without blood (-20% HP).
You can heal yourself when you bite living creatures.
You are immune to poison.
You have razor-sharp teeth.
You have supernaturally acute eyesight. (SInv)
You are afflicted with vampirism and can become a bat while bloodless.


Message History

Here: Duvessa, wielding a +0 short sword and wearing a +2 leather armour of poison resistance (asleep)
The floor.
Okay, then.
Press: ? - help, v - describe, . - travel, g - get item Item here: a book of Callings.
The floor.
You see here a book of Callings.
An adder comes into view.
The helpless adder fails to defend itself.
You bite the adder, and draw its blood! You perforate the adder like a sieve!!!
You kill the adder!
Found a leather armour.
You see here a +0 leather armour.
Found a spear.
Dowan shouts!
Duvessa shouts!
Dowan gestures at you while chanting. The puff of frost hits you. You resist.
Dowan mumbles some strange words.
Dowan blinks!
Dowan casts a spell at Duvessa.
Duvessa seems to speed up.
Casting: Confusing Touch (dangerous; 4% risk of failure)
Press: ? - help, Q - select action, (/) - cycle Dir - look around, f - activate Your hands begin to glow red.
Duvessa hits you with a +0 short sword!
You hit Duvessa but do no damage.
Duvessa appears confused.
You bite Duvessa, but do no damage. Duvessa completely misses you.
You barely miss Duvessa. Duvessa hits you with a +0 short sword.
You hit Duvessa but do no damage. Duvessa misses you.
You barely miss Duvessa. Duvessa misses you.
Dowan mumbles some strange words.
Dowan blinks!
You hit Duvessa but do no damage. Duvessa hits you with a +0 short sword.
You hit Duvessa but do no damage. You bite Duvessa, but do no damage.
Duvessa hits you with a +0 short sword!
* * * LOW HITPOINT WARNING * * *
You hit Duvessa but do no damage. You bite Duvessa, but do no damage.
Duvessa shouts, "What's happening?!"
Duvessa barely misses you. Dowan hits you with a +0 dagger.
You die...

## #...........## #..........
.####.##......### ##..........
...#..######### #...........
#.....# ##:..$....... ###...#
#............ ##..##
##.§.......... ####..#######
#..##........
#...#.......######..##.e......
#......####...e@e..####......)
#....<..# ########..## #......
#....#### #.#..## ######
##.### #..##.## ##.##
#†..##.## #.## #....##.### ##
..# ########..#####. .##
##..#.... ## ##......


You could see Duvessa (fast, confused) and Dowan.

Vanquished Creatures
  A necrophage (D:4)
  An ogre (D:4)
  2 phantoms
  Blork the orc (D:4)
  A hound (D:4)
  2 orc priests
  An iguana (D:4)
  7 adders
  An adder skeleton (D:4)
  3 worms
  4 dart slugs
  7 orcs
  8 bats
  9 endoplasms
  5 giant cockroaches
  9 goblins
  3 hobgoblins
  2 jackals (D:3)
  14 kobolds
  4 quokkas
  6 ball pythons
  3 frilled lizards
  6 rats
100 creatures vanquished.

Notes
Turn   | Place    | Note
-------+----------+-------------------------------------------
     0 | D:1      | LynnLen the Vampire Enchanter began the quest for the Orb.
     0 | D:1      | Reached XP level 1. HP: 13/13 MP: 3/3
    88 | D:1      | Found a faded altar of an unknown god.
   815 | D:1      | Reached skill level 5 in Stealth
   815 | D:1      | Reached XP level 2. HP: 15/15 MP: 5/5
   824 | D:1      | Found Ukeuvipuf's Jewellery Shop.
  2024 | D:2      | Learned a level 2 spell: Ensorcelled Hibernation
  2422 | D:2      | Gained mutation: You are afflicted with vampirism and can
                  | become a bat while bloodless. [Vampire growth]
  2422 | D:2      | Reached XP level 3. HP: 15/19 MP: 3/6
  2426 | D:2      | Learned a level 3 spell: Confusing Touch
  2815 | D:2      | Reached skill level 6 in Stealth
  2923 | D:2      | Noticed a phantom
  2953 | D:2      | Killed a phantom
  2954 | D:2      | Reached XP level 4. HP: 20/24 MP: 4/7
  3074 | D:2      | Reached skill level 7 in Stealth
  3074 | D:2      | Reached XP level 5. HP: 28/28 MP: 5/8
  3698 | D:3      | Learned a level 3 spell: Tukima's Dance
  4431 | D:4      | Found a blossoming altar of Fedhas.
  4446 | D:4      | Noticed an ogre
  4454 | D:4      | Killed an ogre
  4455 | D:4      | Reached skill level 8 in Stealth
  4455 | D:4      | Reached XP level 6. HP: 32/32 MP: 9/9
  4505 | D:4      | Noticed Blork the orc
  4525 | D:4      | Killed Blork the orc
  4526 | D:4      | Reached skill level 5 in Short Blades
  4716 | D:4      | Reached skill level 9 in Stealth
  4795 | D:4      | Found a hazy altar of Hepliaklqana.
  4836 | D:4      | Reached XP level 7. HP: 36/36 MP: 10/10
  5075 | D:4      | Noticed Robin
  5077 | D:4      | HP: 1/36 [goblin/+0 dagger[Robin] (3)]
  5093 | D:5      | Entered Level 5 of the Dungeon
  5203 | D:4      | Reached skill level 10 in Stealth
  5336 | D:4      | Noticed Duvessa
  5337 | D:4      | Noticed Dowan
  5413 | D:4      | Slain by Dowan

Illustrated notes

Levels and vault maps discovered:
D:1:      dpeg_arrival_rooms_a, layout_loops_corners,
          chequers_ecumenical_altar_twisty, serial_shops, shop
D:2:      layout_basic, minmay_divided_ellipse
D:3:      layout_loops_ring, minmay_increasing_density
D:4:      layout_cave_pods, grunt_temple_overflow_open, fedhas_altar_2,
          serial_shops, shop, hex_medium, grunt_decor_one_mirror,
          dk_rats_in_the_wall, uniq_robin, uniq_duvessa, uniq_blork_the_orc
D:5:      layout_loops_ring, grunt_dithmenos_shadows, nzn_wu_jian_council_hall,
          trog_butcher_becter, minmay_temple_entry_proselytizer

Skill      XL: |  1  2  3  4  5  6  7 |
---------------+----------------------+-----
Stealth        | 5 6 7 8 9 10 | 10.0
Short Blades   | 2 3 4 5 6 |  6.2
Dodging        | |  2.1
Spellcasting   | |  2.0
Hexes          | |  4.4

Action                   |  1- 3 |  4- 6 |  7- 9 || total
-------------------------+-------+-------+-------++-------
Melee: Dagger            |   137 |    98 |    75 ||   310
       Bite              |     7 |    15 |    11 ||    33
       Punch             |     6 |     1 |     3 ||    10
 Cast: Ensorcelled Hiber |     2 |     9 |     4 ||    15
       Confusing Touch   |     1 |     2 |     5 ||     8
 Abil: Exsanguinate      |     1 |       |       ||     1
  Use: Scroll            |     4 |     4 |     2 ||    10
       Potion            |     1 |       |       ||     1
 Stab: Sleeping          |    23 |    32 |     4 ||    59
       Distracted        |     1 |       |       ||     1
       Confused          |     1 |     3 |     3 ||     7
Armor: Robe              |    10 |       |       ||    10
       Leather armour    |    20 |    14 |     8 ||    42
Dodge: Dodged            |    78 |    35 |    42 ||   155
